 Dungeon Crawl Stone Soup version 0.29.1 (webtiles) character file.

Game seed: 15393970521002397856

71 funnyparkerb the Slasher (level 4, -1/35 HPs)
             Began as a Merfolk Monk on Sept 14, 2022.
             Slain by a crimson imp (2 damage)
             ... summoned by Natasha
             ... on level 1 of the Dungeon.
             The game lasted 00:05:43 (2734 turns).

funnyparkerb the Slasher (Merfolk Monk)             Turns: 2734, Time: 00:05:43

Health: -1/35      AC:  2    Str: 11    XL:     4   Next: 24%
Magic:  4/4        EV: 14    Int:  9    God:
Gold:   88         SH:  0    Dex: 18    Spells: 3/3 levels left

rFire   . . .      SeeInvis .   a - +0 falchion
rCold   . . .      Faith    .   (no shield)
rNeg    . . .      Spirit   .   b - +0 robe
rPois   .          Reflect  .   (no helmet)
rElec   .          Harm     .   (no cloak)
rCorr   .          Rampage  .   (no gloves)
Will    .....                   (no boots)
Stlth   ++........              (no amulet)
HPRegen 0.11/turn               (no ring)
MPRegen 0.09/turn               (no ring)

@: mighty, attractive, slowed, very slow
A: (nimble swimmer 2), mertail
a: no special abilities


You were on level 1 of the Dungeon.
You visited 1 branch of the dungeon, and saw 2 of its levels.

You collected 88 gold pieces.

Inventory:

Hand Weapons
 a - a +0 falchion (weapon)
Missiles
 j - 5 datura-tipped darts (quivered)
Armour
 b - a +0 robe (worn)
Scrolls
 d - 3 scrolls of fog {unknown}
 e - a scroll of teleportation {unknown}
 f - a scroll of vulnerability {unknown}
 g - 2 scrolls of fear {unknown}
 h - a scroll of identify {unknown}
 l - 2 scrolls of magic mapping {unknown}
 m - a scroll of noise {unknown}
 o - a scroll of torment {unknown}
Potions
 n - a potion of might


   Skills:
 * Level 3.3 Fighting
 - Level 6.0 Long Blades
 + Level 4.0 Dodging
 - Level 2.1 Stealth


You had 3 spell levels left.
You didn't know any spells.
Your spell library contained the following spells:

 Spells                   Type           Power      Damage    Failure   Level
 Stone Arrow              Conj/Erth      0%         3d7       77%         3
 Animate Armour           Summ/Erth      0%         N/A       99%         4
 Lehudib's Crystal Spear  Conj/Erth      0%         10d2      100%        8


Dungeon Overview and Level Annotations

Branches:
Dungeon (2/15)

Altars:

Annotations:
D:1 Natasha


Innate Abilities, Weirdness & Mutations

((You are very nimble when in or above water. (Stealth+, EV+, Speed+++)))
Your lower body shifts to a powerful aquatic tail in water.


Message History

Natasha wildly gestures.
You feel disoriented. Natasha attacks as you move away!
Natasha barely misses you.
Natasha extends her claws.
Natasha stares at you and mumbles some strange words.
You feel yourself slow down.
There is a stone staircase leading up, spattered with blood here.
Natasha closely misses you. The shadow imp spits at you.
You climb upwards.
The shadow imp disappears in a puff of smoke!
There is a stone staircase leading down here.
It was a potion of might.
You feel very mighty all of a sudden.
Natasha mumbles some strange words.
Natasha claws you.
* * * LOW HITPOINT WARNING * * *
It was a potion of attraction.
You feel attractive to monsters. Natasha claws you.
* * * LOW HITPOINT WARNING * * *
The crimson imp blinks!
Okay, then.
You aren't carrying any items that you can evoke.
Throw: dart (atropa)
Press: ? - help, Q - select action, (/) - cycle Shift-Dir - straight line, f - Natasha
Aim: Natasha (lightly wounded, 55% to hit, chance to blind on hit: 80%)
You throw an atropa-tipped dart.
The atropa-tipped dart closely misses Natasha.
Natasha closely misses you. x2
The crimson imp is attracted toward you.
You barely miss Natasha.
Natasha is lightly wounded.
Natasha mumbles some strange words.
You slash Natasha!
Natasha is severely wounded.
Natasha claws you.
* * * LOW HITPOINT WARNING * * *
The crimson imp hits you.
You die...

##.#......##..####..##.###
#..###
##.######.##..##...##..#
#..#.. ##.#
#.##.<...###..## #..'..
.#.# #.##########.##
#.##.. .#.# #.......##...#
#.##.. .#.#
#.#####....#########.##..
.#.# #.#
##.............##.. .#.#
#.# #†5#############..
.#.######.#
#@h.....(.........
.#........#
#5#############...
########### #.# #... #.#
#... #.# #.## #.# #.# #.#
#.# #.# #.# #.# #.#


You could see Natasha, a crimson imp (summoned) and a shadow imp (summoned).

Vanquished Creatures
  Natasha (D:2)
  An adder (D:2)
  A dart slug (D:1)
  4 endoplasms (D:1)
  2 giant cockroaches (D:1)
  2 hobgoblins (D:1)
  4 kobolds
  2 quokkas
  6 ball pythons
  2 bats (D:1)
  A frilled lizard (D:2)
  4 goblins
  4 rats (D:1)
34 creatures vanquished.

Notes
Turn   | Place    | Note
-------+----------+-------------------------------------------
     0 | D:1      | funnyparkerb the Merfolk Monk began the quest for the Orb.
     0 | D:1      | Reached XP level 1. HP: 18/18 MP: 1/1
   140 | D:1      | Reached skill level 4 in Long Blades
   285 | D:1      | Reached XP level 2. HP: 21/24 MP: 2/2
  1001 | D:1      | Reached XP level 3. HP: 29/29 MP: 3/3
  1034 | D:1      | Reached skill level 5 in Long Blades
  1594 | D:2      | Found a faded altar of an unknown god.
  2424 | D:2      | Noticed Natasha
  2678 | D:2      | Killed Natasha
  2679 | D:2      | Reached skill level 6 in Long Blades
  2679 | D:2      | Reached XP level 4. HP: 34/35 MP: 4/4
  2699 | D:2      | Noticed Natasha
  2731 | D:1      | HP: 1/35 [Natasha (5)]
  2734 | D:1      | Slain by a crimson imp

Illustrated notes

Levels and vault maps discovered:
D:1:      dpeg_arrival_round_b, layout_basic
D:2:      layout_basic, basic_altar, nicolae_ecumenical_snake_handling,
          uniq_natasha

Skill      XL: |  1  2  3 |
---------------+----------+-----
Long Blades    | 4 6 |  6.0
Fighting       | |  3.3
Dodging        | |  4.0
Stealth        | |  2.1

Action                   |  1- 3 |  4- 6 || total
-------------------------+-------+-------++-------
Melee: Falchion          |   116 |     7 ||   123
       Punch             |     3 |       ||     3
Throw: Dart              |     5 |     6 ||    11
  Use: Potion            |     1 |     2 ||     3
 Stab: Sleeping          |     4 |       ||     4
       Invisible         |     1 |     1 ||     2
Armor: Robe              |    17 |     1 ||    18
Dodge: Dodged            |   103 |    12 ||   115
